 Dungeon Crawl Stone Soup version 0.32-a0-290-g598725c5f2 (webtiles) character file.

Game seed: 7604023407162560283

30 CougarLife the Digger (level 3, 0/19 HPs)
             Began as a Gargoyle Earth Elementalist on Feb 14, 2024.
             Slain by an orc
             ... wielding a +0 falchion
              (6 damage)
             ... on level 2 of the Dungeon.
             The game lasted 00:00:43 (850 turns).

CougarLife the Digger (Gargoyle Earth Elementalist)  Turns: 850, Time: 00:00:44

Health: 0/19       AC:  6    Str: 11    XL:     3   Next: 20%
Magic:  2/6        EV: 11    Int: 17    God:
Gold:   56         SH:  0    Dex: 10    Spells: 6/7 levels left

rFire   . . .        (no weapon)
rCold   . . .        (no shield)
rNeg    + . .        a - +0 robe
rPois   ∞            c - +0 helmet
rElec   +            (no cloak)
rCorr   .            (no gloves)
SInv    .            (no boots)
Will    .....        (no amulet)
Stlth   +            (no ring)
HPRegen 0.23/turn    (no ring)
MPRegen 0.10/turn

%: no passive effects
@: confused
A: sickness immunity, AC +3, negative energy resistance 1, electricity
resistance, torment resistance 1, petrification resistance
a: no special abilities


You were on level 2 of the Dungeon.
You visited 1 branch of the dungeon, and saw 2 of its levels.

You collected 56 gold pieces.

Inventory:

Armour
 a - a +0 robe (worn)
 c - a +0 helmet (worn)
Scrolls
 d - a scroll of teleportation {unknown}
 e - 2 scrolls of identify {unknown}
Potions
 b - a potion of magic


   Skills:
 - Level 1.5 Dodging
 - Level 2.1 Stealth
 + Level 2.5 Spellcasting
 + Level 2.0 Conjurations
 + Level 4.1 Earth Magic


You had 6 spell levels left.
You knew the following spells:

 Your Spells              Type           Power      Damage    Failure   Level
a - Sandblast             Erth           32%        2d9       3%          1

Your spell library contained the following spells:

 Spells                   Type           Power      Damage    Failure   Level
 Passwall                 Erth           16%        N/A       10%         3
 Stone Arrow              Conj/Erth      24%        3d8       16%         3
 Brom's Barrelling Bould  Conj/Erth      12%        2d4       45%         4
 Petrify                  Alch/Erth      9%         N/A       61%         4


Dungeon Overview and Level Annotations

Branches:
Dungeon (2/15)

Altars:


Innate Abilities, Weirdness & Mutations

You are immune to sickness and miasma.
Your stone body is resilient. (AC +3)
You are immune to poison.
You resist negative energy. (rN+)
You are resistant to electric shocks. (rElec)
You are resistant to unholy torment.
You are immune to petrification.


Message History

No target in view!
You can't see any susceptible monsters within range! (Use Z to cast anyway.)
You can't see any susceptible monsters within range! (Use Z to cast anyway.)
There is an open door here.
Found a book of Geomancy.
You see here a book of Geomancy.
You see here a +0 leather armour.
Done exploring.
Done exploring.
Done exploring.
There is a stone staircase leading down here.
You climb downwards.
The orc shouts!
The orc wizard shouts!
Found a stone staircase leading down.
There is a stone staircase leading up here.
There are monsters nearby!
The blast of sand misses the orc wizard.
The goblin hits you with a +0 dagger. The orc wizard casts a spell at you.
The puff of flame misses you.
The blast of sand misses the orc wizard.
The orc wizard hits you with a +0 dagger of freezing.
The orc wizard freezes you. The goblin closely misses you.
A ribbon worm comes into view.
The goblin hits you with a +0 dagger.
The orc wizard hits you but does no damage.
The blast of sand misses the orc wizard.
The goblin hits you but does no damage.
The orc wizard casts a spell.
The orc wizard flickers and vanishes!
Deactivating autopickup; reactivate with Ctrl-A.
The orc hits you but does no damage.
The blast of sand hits the orc.
The orc is almost dead.
You hear some strange, mumbled words.
You are confused.
The orc hits you with a +0 falchion. The orc barely misses you.
The goblin hits you with a +0 dagger. The goblin misses you.
The orc hits you with a +0 falchion.
You die...

### ..# #.#
#.# #.# ####
#.#
##....#g####
..w...{@o..#
##.####o####
#.# #.# #.#
#.. ###


You could see a ribbon worm, 2 orcs and a goblin.

Vanquished Creatures
  3 endoplasms (D:1)
  A goblin (D:1)
  4 hobgoblins (D:1)
  4 jackals (D:1)
  2 quokkas (D:1)
  A kobold (D:1)
15 creatures vanquished.

Notes
Turn   | Place    | Note
-------+----------+-------------------------------------------
     0 | D:1      | CougarLife the Gargoyle Earth Elementalist began the quest
                  | for the Orb.
     0 | D:1      | Reached XP level 1. HP: 10/10 MP: 3/3
   172 | D:1      | Reached XP level 2. HP: 15/15 MP: 3/5
   344 | D:1      | Reached skill level 4 in Earth Magic
   537 | D:1      | Reached XP level 3. HP: 18/19 MP: 3/6
   850 | D:2      | Slain by an orc

Illustrated notes

Levels and vault maps discovered:
D:1:      saegor_arrival_simple_c, layout_basic
D:2:      minmay_inner_zag, layout_basic, minmay_circle_x

Skill      XL: |  1  2  3 |
---------------+----------+-----
Earth Magic    | 4 |  4.1
Conjurations   | 2 |  2.0
Dodging        | |  1.5
Stealth        | |  2.1
Spellcasting   | |  2.5

Action                     || total
---------------------------++-------
  Melee: Unarmed           ||    13
   Cast: Sandblast         ||    23
 Armour: Robe              ||    24
  Dodge: Dodged            ||    22

Table legend: (Time is in decaauts)
 A = Elapsed time spent in this place.
 B = Non-inter-level travel time spent in this place.
 C = Inter-level travel time spent in this place.
 D = Time resting spent in this place.
 E = Time spent auto-exploring this place.
 F = Levels seen in this place.
 G = Mean time per level.
                   A        B        C        D        E       F      G
               +--------+--------+--------+--------+--------+-----+--------+
         Total |    860 |    843 |     17 |      0 |    739 |   2 |  430.0 |
       Dungeon |    860 |    843 |     17 |      0 |    739 |   2 |  430.0 |
               +--------+--------+--------+--------+--------+-----+--------+

Top non-repeatable levels by time:
     D:1: 855 daAuts
     D:2: 5 daAuts
